 Dungeon Crawl Stone Soup version 0.23.2-40-g277498a001 (webtiles) character file.

Game seed: 12965029671805620225

161 lilbarb the Cudgeler (level 5, -11/55 HPs)
             Began as an Ogre Gladiator on Nov 22, 2019.
             Mangled by a gnoll
             ... wielding a +0 halberd
              (14 damage)
             ... on level 3 of the Dungeon.
             The game lasted 00:14:26 (3236 turns).

lilbarb the Cudgeler (Ogre Gladiator)               Turns: 3236, Time: 00:14:26

Health: -11/55     AC:  6    Str: 23    XL:     5   Next: 42%
Magic:  5/5        EV: 10    Int:  9    God:
Gold:   201        SH:  0    Dex: 11    Spells: 4/4 levels left

rFire    . . .     SeeInvis .   a - +0 flail
rCold    . . .     Gourm    +   (no shield)
rNeg     . . .     Faith    .   b - +0 robe
rPois    .         Spirit   .   c - +0 hat
rElec    .         Reflect  .   (no cloak)
rCorr    .         Harm     .   (gloves unavailable)
MR       .....                  (boots unavailable)
Stlth    +.........             e - amulet of the gourmand
HPRegen  0.18/turn              h - +3 ring of protection
MPRegen  0.09/turn              (no ring)

@: mighty
A: large, unfitting armour, tough skin 1
a: no special abilities


You were on level 3 of the Dungeon.
You were completely stuffed.

You visited 1 branch of the dungeon, and saw 3 of its levels.

You collected 201 gold pieces.

Inventory:

Hand Weapons
 a - a +0 flail (weapon)
Missiles
 d - 3 throwing nets (quivered) {!f}
Armour
 b - a +0 robe (worn)
 c - a +0 hat (worn)
Jewellery
 e - an amulet of the gourmand (around neck)
 h - a +3 ring of protection (left hand)
Scrolls
 g - a scroll of fog {unknown}
 j - 2 scrolls of teleportation
 l - a scroll of remove curse
 m - a scroll of magic mapping {unknown}
Comestibles
 f - 5 rations


   Skills:
 + Level 4.5 Fighting
 * Level 4.7 Maces & Flails
 - Level 2.0 Throwing
 - Level 2.6 Dodging


You had 4 spell levels left.
You didn't know any spells.
Your spell library was empty.

Dungeon Overview and Level Annotations

Branches:
Dungeon (3/15)

Altars:
Makhleb
Okawaru

Annotations:
D:2 exclusion: downstairs


Innate Abilities, Weirdness & Mutations

You are too large for most types of armour.
You have tough skin. (AC +1)


Message History

You sock the gnoll!
You kill the gnoll!
The gnoll closely misses you.
The gnoll hits you from afar with a +0 halberd!!
The gnoll hits you with a +0 halberd.
Things that are here:
a +0 flail; 6 gold pieces You are too injured to fight recklessly!
The gnoll hits you from afar with a +0 halberd.
There is an open door here.
You close the door.
A gnoll opens the door.
The gnoll barely misses you.
There is an open door here.
The gnoll hits you from afar with a +0 halberd!
* * * LOW HITPOINT WARNING * * *
You see here a giant cockroach corpse.
The gnoll hits you from afar with a +0 halberd!
* * * LOW HITPOINT WARNING * * *
The gnoll hits you from afar with a +0 halberd!
You die...

#.# ##+## #.# ##...##
##.# ##.....## ##..#
##.......## #
##...####.........###
#.....†g'........w'))
##..g####.........###
#....# ##.......## #
##.##@# ##.....## #
##...#.# ##.[.## #
#......# ##+## #.....##
#.# #.....###### #.#
#..........# ##.######
#....÷####.###.......#
#≈≈.≈≈####.##.....##.#
#)≈.≈g#.##.###..#.##.##


You could see a gnoll.

Vanquished Creatures
  Robin (D:2)
  An adder (D:3)
  5 gnolls
  2 oozes
  2 worms
  2 dart slugs
  2 leopard geckos (D:2)
  6 bats
  3 giant cockroaches
  15 goblins
  12 hobgoblins
  2 jackals (D:3)
  5 kobolds
  A quokka (D:2)
  4 ball pythons
  4 frilled lizards
  2 rats
69 creatures vanquished.

Notes
Turn   | Place    | Note
-------+----------+-------------------------------------------
     0 | D:1      | lilbarb the Ogre Gladiator began the quest for the Orb.
     0 | D:1      | Reached XP level 1. HP: 22/22 MP: 1/1
   357 | D:1      | Reached XP level 2. HP: 18/31 MP: 2/2
   938 | D:1      | Reached XP level 3. HP: 37/37 MP: 3/3
  1465 | D:2      | Found an iron altar of Okawaru.
  1497 | D:2      | Noticed Robin
  1524 | D:2      | Reached XP level 4. HP: 26/48 MP: 4/4
  1529 | D:2      | Killed Robin
  2712 | D:3      | Reached XP level 5. HP: 54/54 MP: 5/5
  2910 | D:3      | Found a burning altar of Makhleb.
  3079 | D:3      | Found an iron altar of Okawaru.
  3236 | D:3      | Mangled by a gnoll

Skill      XL: |  1  2  3  4 |
---------------+-------------+-----
Maces & Flails | 3 4 |  4.7
Fighting       | 3 4 |  4.5
Throwing       | |  2.0
Dodging        | |  2.6

Action                   |  1- 3 |  4- 6 || total
-------------------------+-------+-------++-------
Melee: Flail             |    94 |    58 ||   152
Throw: Stone             |    51 |    67 ||   118
  Use: Scroll            |     2 |     2 ||     4
       Potion            |     1 |     2 ||     3
  Eat: Chunk             |    10 |     6 ||    16
Armor: Robe              |    34 |    23 ||    57
       Skin              |     7 |     4 ||    11
Dodge: Dodged            |    58 |    27 ||    85
